 Dungeon Crawl Stone Soup version 0.29.1-15-g9cfb28693d (webtiles) character file.

Game seed: 15648825683009388424

79 Farfigtubin the Chopper (level 4, -3/41 HPs)
             Began as a Hill Orc Fighter on Mar 6, 2023.
             Was an Initiate of Beogh.
             Slain by Duvessa
             ... wielding a +0 rapier
              (6 damage)
             ... on level 4 of the Dungeon.
             The game lasted 00:06:10 (1854 turns).

Farfigtubin the Chopper (Hill Orc Fighter)          Turns: 1854, Time: 00:06:11

Health: -3/41      AC:  6    Str: 20    XL:     4   Next: 38%
Magic:  4/4        EV:  9    Int:  8    God:    Beogh [......]
Gold:   80         SH:  4    Dex: 10    Spells: 3/3 levels left

rFire   . . .      SeeInvis .   a - +0 war axe
rCold   . . .      Faith    .   c - +0 buckler
rNeg    . . .      Spirit   .   b - +0 scale mail
rPois   .          Reflect  .   (no helmet)
rElec   .          Harm     .   (no cloak)
rCorr   .          Rampage  .   (no gloves)
Will    .....                   (no boots)
Stlth   ..........              (no amulet)
HPRegen 0.13/turn               (no ring)
MPRegen 0.09/turn               (no ring)

@: mighty, flying
A: no striking features
a: Renounce Religion


You were on level 4 of the Dungeon.
You worshipped Beogh.
Beogh was noncommittal.
You visited 1 branch of the dungeon, and saw 3 of its levels.

You collected 80 gold pieces.

Inventory:

Hand Weapons
 a - a +0 war axe (weapon)
Missiles
 f - 13 stones (quivered)
Armour
 b - a +0 scale mail (worn)
 c - a +0 buckler (worn)
Scrolls
 d - 3 scrolls of enchant weapon {unknown}
 e - a scroll of vulnerability {unknown}
 i - a scroll of noise {unknown}
 l - a scroll of fear {unknown}
 m - a scroll of teleportation {unknown}
 n - a scroll of poison {unknown}
 t - a scroll of immolation {unknown}
 u - 2 scrolls of identify {unknown}
 w - a scroll of blinking {unknown}
 x - a scroll of enchant armour {unknown}
Potions
 g - a potion of invisibility {unknown}
 j - a potion of ambrosia {unknown}
 k - a potion of curing {unknown}
 o - a potion of heal wounds {unknown}
 p - a potion of flight
 q - a potion of magic {unknown}
 r - a potion of brilliance {unknown}
 s - a potion of degeneration {unknown}
 v - a potion of mutation {unknown}


   Skills:
 + Level 4.4 Fighting
 * Level 4.6 Axes
 - Level 3.2 Armour
 + Level 4.0 Shields


You had 3 spell levels left.
You didn't know any spells.
Your spell library was empty.

Dungeon Overview and Level Annotations

Branches:
Dungeon (2/15)

Altars:

Annotations:
D:4 Dowan, Duvessa


Message History

The shaft crumbles and collapses.
Found a rapier.
You see here a +0 rapier.
Found a fizzy grey potion.
Duvessa, Sister of Dowan comes into view.
She is wielding a +0 rapier.
Duvessa shouts!
You hear a shout!
Dowan, Brother of Duvessa comes into view.
He is wielding a +0 dagger.
Duvessa moves out of view.
You feel very mighty all of a sudden.
You slash Duvessa!
Duvessa is lightly wounded.
Duvessa hits you with a +0 rapier.
You slash Duvessa!
Duvessa is severely wounded.
Duvessa closely misses you.
You hit Duvessa but do no damage.
Duvessa is severely wounded.
Duvessa barely misses you.
You closely miss Duvessa.
Duvessa is severely wounded.
Duvessa hits you with a +0 rapier!
Dowan mumbles some strange words.
Dowan blinks!
Duvessa hits you with a +0 rapier.
You hit Duvessa.
Duvessa is severely wounded.
Duvessa hits you with a +0 rapier.
You barely miss Duvessa.
Duvessa is severely wounded.
Duvessa hits you with a +0 rapier.
* * * LOW HITPOINT WARNING * * *
You hit Duvessa.
Duvessa is severely wounded.
Duvessa hits you with a +0 rapier.
* * * LOW HITPOINT WARNING * * *
Duvessa hits you with a +0 rapier!
* * * LOW HITPOINT WARNING * * *
It was a potion of flight.
You feel very buoyant.
You fly up into the air.
Duvessa hits you with a +0 rapier.
You die...

#..##.#.###
########).##.#.##
................#
..###.##..####..#
...............#
...#...#.#####.#
..#.#####.# #.# ..
#.# #.#####.#
..##.# #....##@#
.....## #....##e##
......####.e....e.#
.........e.#.######
.####..#####.#
.....# #.# ####.##
#.# #.# #.. ..# ..#


You could see Duvessa and Dowan.

Vanquished Creatures
  Jessica (D:2)
  Terence (D:2)
  A worm (D:2)
  A ball python (D:1)
  3 endoplasms (D:1)
  A giant cockroach (D:1)
  2 goblins (D:1)
  2 hobgoblins (D:1)
  2 quokkas (D:1)
  3 frilled lizards
  3 kobolds (D:1)
  6 rats (D:1)
26 creatures vanquished.

Notes
Turn   | Place    | Note
-------+----------+-------------------------------------------
     0 | D:1      | Farfigtubin the Hill Orc Fighter began the quest for the
                  | Orb.
     0 | D:1      | Reached XP level 1. HP: 19/19 MP: 1/1
    83 | D:1      | Reached XP level 2. HP: 27/27 MP: 2/2
   128 | D:2      | Noticed Terence
   137 | D:2      | Killed Terence
   138 | D:2      | Reached XP level 3. HP: 16/33 MP: 3/3
   207 | D:2      | Became a worshipper of Beogh the Brigand
  1513 | D:2      | Noticed Jessica
  1520 | D:2      | Killed Jessica
  1521 | D:2      | Reached XP level 4. HP: 26/41 MP: 4/4
  1798 | D:2      | You fall into a shaft and drop 2 floors!
  1829 | D:4      | Noticed Duvessa
  1829 | D:4      | Noticed Dowan
  1854 | D:4      | Slain by Duvessa

Illustrated notes

Levels and vault maps discovered:
D:1:      kennysheep_arrival_forest, layout_basic
D:2:      layout_basic, uniq_terence, uniq_crazy_yiuf_cottage, uniq_jessica
D:4:      layout_basic, uniq_duvessa

Skill      XL: |  1  2  3  4 |
---------------+-------------+-----
Axes           | 3 4 |  4.6
Fighting       | 4 |  4.4
Shields        | 4 |  4.0
Armour         | |  3.2

Action                   |  1- 3 |  4- 6 || total
-------------------------+-------+-------++-------
Melee: War axe           |    79 |    11 ||    90
Invok: Convert to Beogh  |     1 |       ||     1
  Use: Potion            |     1 |     2 ||     3
Armor: Scale mail        |    30 |     1 ||    31
Dodge: Dodged            |    23 |     2 ||    25
Block: Buckler           |    16 |     1 ||    17
